[Event "Titled Tuesday Blitz June 6 Early 2023"]
[White "White, John S."]
[Black "Winkels, Marcel"]
[WhiteFideId "2502348"]
[BlackFideId "1003887"]
[WhiteElo "2002"]
[BlackElo "1900"]
[Result "0-1"]
[Round "10"]
[TimeControl "180+2"]
[Date "2023.06.06"]
[WhiteClock "0:00:01"]
[BlackClock "0:00:31"]
[Board "140"]

1. e4 Nf6 2. e5 Nd5 3. d4 d6 4. c4 Nb6 5. Nc3 dxe5 6. dxe5 Qxd1+ 7. Nxd1 Nc6 8. Nf3 Bg4 9. c5 Nd5 10. Bb5 e6 11. O-O Bxc5 12. Bxc6+ bxc6 13. Nc3 O-O 14. Ne4 Be7 15. Nfd2 Bf5 16. b3 Bb4 17. Rd1 Nc3 18. Re1 Rfd8 19. Ng3 Bg6 20. Nc4 Nd5 21. Bb2 Bxe1 22. Rxe1 Nb4 23. a3 Nd3 24. Rb1 Nxb2 25. Rxb2 Rd1+ 26. Nf1 Bd3 27. Ne3 Rd8 28. Nxd1 Bxf1 29. Kxf1 Rxd1+ 30. Ke2 Rd5 31. f4 Kf8 32. Rc2 c5 33. b4 cxb4 34. axb4 Rd7 35. Ra2 c6 36. Ra6 Rc7 37. Ke3 Ke7 38. Kd4 Kd7 39. Kc5 f6 40. Ra3 Rb7 41. Rd3+ Kc7 42. Rd6 Rb5+ 43. Kc4 Rd5 44. Rxd5 cxd5+ 45. Kc5 fxe5 46. fxe5 a6 0-1


[Site "https://www.chess.com"]

[Event "Titled Tuesday Blitz June 6 Early 2023"]
[White "Skiadopoulos, Nikolaos"]
[Black "Sokolov, Andrei"]
[WhiteFideId "4200772"]
[BlackFideId "11600306"]
[WhiteElo "2022"]
[BlackElo "2473"]
[Result "1-0"]
[Round "10"]
[TimeControl "180+2"]
[Date "2023.06.06"]
[WhiteClock "0:01:34"]
[BlackClock "0:02:24"]
[Board "141"]

1. e4 c5 2. b4 cxb4 3. a3 bxa3 4. Nxa3 Nc6 5. d4 d5 6. exd5 Qxd5 7. Nf3 Bg4 8. Be2 e5 9. dxe5 Bxf3 10. Bxf3 Qxd1+ 11. Kxd1 O-O-O+ 12. Ke2 Nxe5 13. Be3 a6 14. Be4 Nf6 15. Bf5+ Kb8 16. Bf4 Bd6 17. Rab1 Ng6 18. Bxd6+ Rxd6 19. Rhd1 Rhd8 20. Rxd6 Rxd6 21. Nc4 Rc6 22. Na5 Rd6 23. Rxb7+ Ka8 24. Bxg6 fxg6 25. Rxg7 Re6+ 26. Kd3 Re5 27. Nc6 Rd5+ 28. Kc4 Rd2 29. Ra7# 1-0


[Site "https://www.chess.com"]

[Event "Titled Tuesday Blitz June 6 Early 2023"]
[White "Lisjak, Zlatko"]
[Black "Maluco_do_Natal_00"]
[WhiteFideId "14502186"]
[WhiteElo "1998"]
[BlackElo "2053"]
[Result "0-1"]
[Round "10"]
[TimeControl "180+2"]
[Date "2023.06.06"]
[WhiteClock "0:00:01"]
[BlackClock "0:00:12"]
[Board "143"]

1. d4 d5 2. Nc3 Nf6 3. Bf4 e6 4. e3 Bd6 5. Nge2 a6 6. f3 b5 7. Qd2 Bb7 8. O-O-O Qe7 9. g4 Bb4 10. g5 Nh5 11. Be5 f6 12. gxf6 gxf6 13. Ng3 fxe5 14. Nxh5 Nd7 15. Rg1 O-O-O 16. Bh3 Rhg8 17. Ng3 Kb8 18. Qd3 Rdf8 19. Bg4 Nf6 20. Bh3 Bd6 21. dxe5 Bxe5 22. f4 Bd6 23. Kb1 h5 24. a3 h4 25. Nge2 e5 26. fxe5 Bxe5 27. Nf4 Rxg1 28. Rxg1 Bxc3 29. Qxc3 Ne4 30. Qd4 c5 31. Qg7 Rf7 32. Qg8+ Ka7 33. Ng6 Nd2+ 34. Ka2 Qf6 35. Nf4 d4 0-1


[Site "https://www.chess.com"]

[Event "Titled Tuesday Blitz June 6 Early 2023"]
[White "Nihal Sarin"]
[Black "Pranesh M"]
[WhiteFideId "25092340"]
[BlackFideId "35028600"]
[WhiteElo "2689"]
[BlackElo "2437"]
[Result "0-1"]
[Round "11"]
[TimeControl "180+2"]
[Date "2023.06.06"]
[WhiteClock "0:00:03"]
[BlackClock "0:00:04"]
[Board "1"]

1. e4 e5 2. Nf3 Nc6 3. Bb5 a6 4. Ba4 Nf6 5. O-O Bc5 6. c3 O-O 7. d4 Ba7 8. Re1 d6 9. Bg5 h6 10. Bh4 g5 11. Bg3 b5 12. Bb3 exd4 13. Nxd4 Nxd4 14. cxd4 c5 15. Nc3 cxd4 16. Nd5 Bb7 17. Qf3 Nxd5 18. exd5 Kg7 19. Bc2 Qf6 20. Qd3 Rh8 21. f4 g4 22. Bb3 Bc8 23. Bf2 Bf5 24. Qd2 d3 25. Bxa7 Rxa7 26. Rac1 Re7 27. Rxe7 Qxe7 28. Qc3+ Qf6 29. Qxf6+ Kxf6 30. Kf2 Re8 31. Bd1 Re4 32. g3 Rd4 33. Rc6 Rxd5 34. Rxa6 Be4 35. Bxg4 d2 36. Bd1 h5 37. Ke3 Bf5 38. Ra5 Bg4 39. Bb3 d1=Q 40. Bxd1 Bxd1 41. b3 Ke6 42. Ra8 Bc2 43. Rh8 Bb1 44. a4 b4 45. Ke2 Bc2 46. Rb8 Rd4 47. a5 Bxb3 48. Ke3 Rc4 49. a6 Rc3+ 50. Kd4 Rc4+ 51. Kd3 Rc3+ 52. Kd4 Rc4+ 53. Kd3 Rc7 54. Rxb4 Bd5 55. Kd4 f5 56. Ra4 Ba8 57. a7 Rc2 58. h3 Rd2+ 59. Kc3 Rg2 60. Rb4 Rxg3+ 61. Kb2 Rxh3 62. Rb8 Bd5 63. Rb5 Bc6 64. Rb6 Be4 65. Rb4 Bh1 66. Rb8 h4 67. Re8+ Kd7 68. Rh8 Kc7 69. a8=Q Bxa8 70. Rxa8 Rf3 71. Kc2 Rxf4 72. Kd3 Re4 73. Rf8 h3 74. Rh8 Ra4 75. Ke2 Ra3 76. Rh5 Kc6 77. Kf2 d5 78. Rxf5 Kc5 0-1


[Site "https://www.chess.com"]

[Event "Titled Tuesday Blitz June 6 Early 2023"]
[White "Martinez Alcantara, Jose Eduardo"]
[Black "Nepomniachtchi, Ian"]
[WhiteFideId "3805662"]
[BlackFideId "4168119"]
[WhiteElo "2711"]
[BlackElo "2781"]
[Result "0-1"]
[Round "11"]
[TimeControl "180+2"]
[Date "2023.06.06"]
[WhiteClock "0:00:06"]
[BlackClock "0:00:25"]
[Board "2"]

1. e4 c5 2. Nf3 e6 3. c3 d5 4. exd5 Qxd5 5. d4 Nf6 6. Be2 Nc6 7. O-O cxd4 8. cxd4 Be7 9. Nc3 Qd8 10. Bc4 O-O 11. a3 b6 12. d5 exd5 13. Nxd5 Nxd5 14. Bxd5 Bb7 15. Ne5 Rc8 16. Be3 Bf6 17. Nxc6 Bxc6 18. Bxc6 Rxc6 19. Qa4 Qa8 20. Rac1 Rxc1 21. Bxc1 Rc8 22. b4 Qc6 23. Qd1 Rd8 24. Qe2 Re8 25. Qd3 Rd8 26. Qe2 h6 27. g3 b5 28. Be3 a6 29. Rc1 Qe4 30. Rd1 Rc8 31. a4 Qxb4 32. axb5 axb5 33. Qf3 Qc4 34. Qf5 Qc2 35. Qf3 Qb3 36. Rd7 b4 37. Kg2 Qc4 38. Rb7 b3 39. Bxh6 b2 40. Bf4 Qc2 41. Qb3 Qxb3 42. Rxb3 Rc1 43. Rb8+ Kh7 44. Rxb2 Bxb2 45. Bxc1 Bxc1 46. Kf3 Kg6 47. Kg4 f5+ 48. Kf3 Kf6 49. h4 Ke5 50. Ke2 Ke4 51. f3+ Kd4 52. Kf2 Ba3 53. g4 Be7 54. Kg3 Ke5 55. g5 Bd8 56. f4+ Ke4 57. h5 Bc7 58. h6 gxh6 59. g6 Bxf4+ 60. Kh4 Be5 61. Kh5 Bg7 62. Kh4 Ke5 63. Kh5 Kf6 64. Kh4 Kxg6 0-1


[Site "https://www.chess.com"]

[Event "Titled Tuesday Blitz June 6 Early 2023"]
[White "Lenderman, Aleksandr"]
[Black "Shevchenko, Kirill"]
[WhiteFideId "2021285"]
[BlackFideId "14129574"]
[WhiteElo "2607"]
[BlackElo "2603"]
[Result "1/2-1/2"]
[Round "11"]
[TimeControl "180+2"]
[Date "2023.06.06"]
[WhiteClock "0:00:21"]
[BlackClock "0:00:06"]
[Board "3"]

1. Nf3 Nf6 2. c4 g6 3. g3 Bg7 4. Bg2 O-O 5. O-O d6 6. d4 Nbd7 7. Nc3 e5 8. e4 Re8 9. Re1 exd4 10. Nxd4 Nc5 11. h3 h6 12. Nb3 Ne6 13. Be3 Ng5 14. Bxg5 hxg5 15. c5 Be6 16. cxd6 cxd6 17. Nd4 Qb6 18. Nxe6 Rxe6 19. Qb3 Qxb3 20. axb3 a6 21. Ra5 g4 22. hxg4 Nxg4 23. Bh3 Re5 24. Rxe5 Nxe5 25. Rd1 Nf3+ 26. Kg2 Nd4 27. b4 Re8 28. Bg4 Kf8 29. f4 Re7 30. Rd2 Rc7 31. Nd5 Rc4 32. Be2 Rc1 33. Bd3 Ke8 34. Nc3 Re1 35. b5 a5 36. Bc4 Re3 37. Bd5 b6 38. Bc6+ Kd8 39. Bd5 f5 40. Kf2 Rf3+ 41. Kg2 Re3 42. Kf2 Rf3+ 43. Kg2 Re3 1/2-1/2


[Site "https://www.chess.com"]

[Event "Titled Tuesday Blitz June 6 Early 2023"]
[White "Svane, Rasmus"]
[Black "Hakobyan, Aram"]
[WhiteFideId "4657101"]
[BlackFideId "13306677"]
[WhiteElo "2601"]
[BlackElo "2584"]
[Result "0-1"]
[Round "11"]
[TimeControl "180+2"]
[Date "2023.06.06"]
[WhiteClock "0:00:15"]
[BlackClock "0:00:20"]
[Board "4"]

1. Nf3 g6 2. d4 Bg7 3. g3 d6 4. Bg2 Nf6 5. O-O O-O 6. Re1 Bf5 7. Nbd2 d5 8. c3 Nbd7 9. Nh4 Bg4 10. Qb3 c5 11. Qxb7 cxd4 12. cxd4 e5 13. dxe5 Nxe5 14. Nhf3 Rb8 15. Qxa7 Nc6 16. Qa4 Qb6 17. Nb3 Rfe8 18. Nbd4 Bd7 19. Nxc6 Bxc6 20. Qd4 Qa6 21. Bf4 Ng4 22. Qd1 Rxb2 23. h3 Nxf2 24. Kxf2 Qb6+ 25. Kf1 Bc3 26. Bd2 d4 27. Bxc3 dxc3 28. Qd4 Bxf3 29. Qxb6 Bxg2+ 30. Kxg2 Rxb6 31. a4 Re5 32. Ra3 c2 33. Raa1 Rd6 34. Kf2 Rf6+ 35. Kg1 Rd6 36. Kf2 h5 37. a5 Rf6+ 38. Kg2 Ra6 39. Ra2 Rxe2+ 40. Rxe2 c1=Q 41. Rec2 Qb1 42. Re2 Kg7 43. Kf2 Qb8 44. h4 Qa7+ 45. Kg2 Rxa5 46. Rxa5 Qxa5 47. Rf2 Qa8+ 48. Kh2 Qd5 49. Re2 Qf5 50. Rd2 Qb1 51. Rf2 f6 52. Re2 g5 53. Rf2 gxh4 54. gxh4 Qe4 55. Rg2+ Kf7 56. Rf2 Qxh4+ 57. Kg2 Qg4+ 58. Kf1 Kg6 59. Rd2 f5 60. Rd8 Kg5 61. Rg8+ Kf4 62. Rb8 Qf3+ 63. Kg1 Qd1+ 64. Kf2 Qd2+ 65. Kf1 Qd3+ 66. Kf2 Qf3+ 67. Kg1 h4 68. Rb4+ Kg5 69. Rb8 Qg3+ 70. Kh1 Qxb8 71. Kg2 Qg3+ 72. Kh1 Qg4 73. Kh2 Kf4 74. Kh1 Kf3 75. Kh2 Kf2 76. Kh1 Qh3# 0-1


[Site "https://www.chess.com"]

[Event "Titled Tuesday Blitz June 6 Early 2023"]
[White "Kramnik, Vladimir"]
[Black "Samadov, Read"]
[WhiteFideId "4101588"]
[BlackFideId "13417444"]
[WhiteElo "2703"]
[BlackElo "2355"]
[Result "0-1"]
[Round "11"]
[TimeControl "180+2"]
[Date "2023.06.06"]
[WhiteClock "0:00:01"]
[BlackClock "0:00:03"]
[Board "5"]

1. c4 Nf6 2. Nc3 g6 3. g3 Bg7 4. Bg2 O-O 5. d3 c5 6. Rb1 Nc6 7. a3 a5 8. e3 e6 9. Nge2 d5 10. O-O b6 11. Nf4 Ne7 12. b4 axb4 13. axb4 Ba6 14. bxc5 bxc5 15. Qc2 dxc4 16. dxc4 Bxc4 17. Rd1 Qc8 18. Bb7 Qe8 19. Bxa8 Qxa8 20. Qa4 Qxa4 21. Nxa4 g5 22. Nd3 Ned5 23. Ndxc5 Rc8 24. Bb2 Be2 25. Rdc1 Rd8 26. Nc3 Bf3 27. Nxd5 Rxd5 28. Bd4 h5 29. Nd3 Ng4 30. Rb8+ Kh7 31. Bxg7 Rxd3 32. Bc3 Kg6 33. h3 Nh6 34. Kf1 g4 35. h4 f6 36. Ke1 e5 37. Rb6 Nf7 38. Ra6 Nd6 39. Bb4 Ne4 40. Ra2 Kf5 41. Rb2 Ke6 42. Bd2 Nd6 43. Rb6 Kf5 44. Rc3 Rd5 45. Rb2 Ne4 46. Rc1 Rd7 47. Ra1 Rc7 48. Rc1 Ra7 49. Bc3 Ra3 50. Rbc2 Nc5 51. Kf1 Nd3 52. Ra1 Rb3 53. Bd2 Be4 54. Rc3 Rb2 55. Be1 Nb4 56. Rd1 Nd5 57. Rcc1 Bf3 58. Rd2 Rb3 59. Kg1 Nc3 60. Rdc2 Ne2+ 61. Rxe2 Bxe2 62. Bd2 Bf3 63. Be1 Rd3 64. Ra1 Rb3 65. Rc1 Rb2 66. Ra1 Rc2 67. Kf1 Be4 68. Kg1 Bd3 69. Rd1 Ke4 70. Kh2 Re2 71. Kg1 Kf3 0-1


[Site "https://www.chess.com"]

[Event "Titled Tuesday Blitz June 6 Early 2023"]
[White "Naroditsky, Daniel"]
[Black "Makarian, Rudik"]
[WhiteFideId "2026961"]
[BlackFideId "44105681"]
[WhiteElo "2632"]
[BlackElo "2451"]
[Result "1-0"]
[Round "11"]
[TimeControl "180+2"]
[Date "2023.06.06"]
[WhiteClock "0:01:56"]
[BlackClock "0:00:16"]
[Board "6"]

1. e4 c5 2. c3 d5 3. exd5 Nf6 4. Qa4+ Nbd7 5. c4 b5 6. Qxb5 Rb8 7. Qa4 e6 8. dxe6 fxe6 9. Nf3 Bd6 10. d3 O-O 11. Be2 Ng4 12. h3 Nge5 13. Nbd2 Bb7 14. O-O Nxf3+ 15. Bxf3 Ne5 16. Bxb7 Rxb7 17. Ne4 Rbf7 18. Qc2 Qh4 19. Nxd6 Rf3 20. Qe2 Rxh3 21. gxh3 Nf3+ 22. Kg2 Rf6 23. Ne4 1-0


[Site "https://www.chess.com"]

[Event "Titled Tuesday Blitz June 6 Early 2023"]
[White "Deac, Bogdan-Daniel"]
[Black "Dubov, Daniil"]
[WhiteFideId "1226380"]
[BlackFideId "24126055"]
[WhiteElo "2644"]
[BlackElo "2793"]
[Result "1-0"]
[Round "11"]
[TimeControl "180+2"]
[Date "2023.06.06"]
[WhiteClock "0:00:06"]
[BlackClock "0:00:10"]
[Board "7"]

1. d4 Nf6 2. c4 e6 3. Nf3 a6 4. Nc3 d5 5. cxd5 exd5 6. Bg5 Be6 7. Bxf6 Qxf6 8. Qb3 Ra7 9. h4 h6 10. Qc2 Nc6 11. e3 Bd6 12. a3 Ra8 13. Bd3 Rb8 14. O-O-O Kf8 15. e4 Nxd4 16. Nxd4 Qxd4 17. exd5 Bg4 18. f3 Bd7 19. Kb1 Qf4 20. Ne4 Be7 21. g3 Qe5 22. Rhe1 Qxd5 23. Bc4 Qc6 24. Qb3 Be8 25. Nc3 Bd6 26. Nd5 Bxg3 27. Re2 b5 28. Bd3 Bxh4 29. Qb4+ Qd6 30. Qxh4 Bc6 31. Be4 f5 32. Nc3 Qc5 33. Bxc6 Qxc6 34. Qe7+ Kg8 35. Rg2 g5 36. Rd7 Qg6 37. Re2 Rh7 38. Rd8+ Rxd8 39. Qxd8+ Kg7 40. Re7+ Kf6 41. Nd5# 1-0


[Site "https://www.chess.com"]

[Event "Titled Tuesday Blitz June 6 Early 2023"]
[White "Andreikin, Dmitry"]
[Black "Sanal, Vahap"]
[WhiteFideId "4158814"]
[BlackFideId "6300545"]
[WhiteElo "2736"]
[BlackElo "2606"]
[Result "1-0"]
[Round "11"]
[TimeControl "180+2"]
[Date "2023.06.06"]
[WhiteClock "0:00:22"]
[BlackClock "0:00:02"]
[Board "8"]

1. Nf3 c5 2. c4 d6 3. d4 cxd4 4. Nxd4 e5 5. Nb5 Nf6 6. Bg5 Nc6 7. e3 a6 8. N5c3 Be7 9. Bxf6 Bxf6 10. Nd5 O-O 11. Nbc3 Bg5 12. h4 Bh6 13. g4 g6 14. h5 Bg7 15. Bg2 Be6 16. Ne4 Qa5+ 17. b4 Qd8 18. h6 Bh8 19. g5 Bxd5 20. cxd5 Ne7 21. Bh3 Qb6 22. a3 a5 23. Qf3 Qd8 24. b5 Nc8 25. Rc1 Nb6 26. Rc7 Nxd5 27. Rd7 Qc8 28. O-O Qc4 29. Rd1 f5 30. Rxd5 Rfd8 31. R5xd6 Rxd7 32. Rxd7 Qxb5 33. Rxb7 1-0


[Site "https://www.chess.com"]

[Event "Titled Tuesday Blitz June 6 Early 2023"]
[White "Kukhmazov, Arsen"]
[Black "Paravyan, David"]
[WhiteFideId "24108260"]
[BlackFideId "4194985"]
[WhiteElo "2396"]
[BlackElo "2563"]
[Result "0-1"]
[Round "11"]
[TimeControl "180+2"]
[Date "2023.06.06"]
[WhiteClock "0:00:03"]
[BlackClock "0:01:45"]
[Board "9"]

1. d4 d5 2. c4 e6 3. Nf3 Nf6 4. e3 Be7 5. b3 O-O 6. Bd3 c5 7. Bb2 cxd4 8. exd4 dxc4 9. bxc4 b6 10. O-O Bb7 11. Nbd2 Nc6 12. Qe2 Rc8 13. Rac1 Re8 14. h3 Bf8 15. Rfd1 Qc7 16. Ne4 Nxe4 17. Qxe4 g6 18. Qh4 Bg7 19. Bc3 Qd8 20. Qf4 Ne7 21. Ne5 Nf5 22. d5 Bh6 23. dxe6 Bxf4 24. exf7+ Kf8 25. Bxf5 Rxe5 26. Bxe5 Bxe5 27. Rxd8+ Rxd8 28. Be6 Ke7 29. Re1 Kxe6 30. f4 Kxf7 31. Rxe5 Rd2 0-1


[Site "https://www.chess.com"]

[Event "Titled Tuesday Blitz June 6 Early 2023"]
[White "Aradhya, Garg"]
[Black "Ibarra Jerez, Jose Carlos"]
[WhiteFideId "25006746"]
[BlackFideId "2226332"]
[WhiteElo "2263"]
[BlackElo "2631"]
[Result "1/2-1/2"]
[Round "11"]
[TimeControl "180+2"]
[Date "2023.06.06"]
[WhiteClock "0:00:10"]
[BlackClock "0:00:07"]
[Board "10"]

1. d4 Nf6 2. c4 d6 3. Nf3 g6 4. Nc3 Bf5 5. d5 e5 6. dxe6 Bxe6 7. Nd4 Bd7 8. e4 Bg7 9. Be2 O-O 10. O-O Re8 11. f3 Nc6 12. Be3 Nh5 13. f4 Nf6 14. Bf3 Nxd4 15. Bxd4 c5 16. Bf2 Bc6 17. Qd3 Qb6 18. b3 Rad8 19. Rad1 Qa5 20. Rd2 a6 21. Bh4 Rd7 22. a4 Qb4 23. Qc2 Nh5 24. Na2 Qa3 25. Bxh5 Bxe4 26. Qd1 gxh5 27. f5 Be5 28. Qxh5 Qxb3 29. Qg4+ Kh8 30. Re2 Bd4+ 31. Kh1 Qxc4 32. Rfe1 d5 33. f6 Rg8 34. Qxd7 Be5 35. Qxf7 Qd3 36. Bg3 Bxg3 37. hxg3 Qxg3 38. Qxg8+ Kxg8 39. Kg1 Kf7 40. Rf2 Qe5 41. Nc1 Qc3 42. Ref1 Bd3 43. Nxd3 Qxd3 44. Re1 Qd4 45. Re7+ Kf8 46. Rxb7 c4 47. f7 Qd1+ 48. Rf1 Qd4+ 49. Rf2 Qd1+ 50. Kh2 Qh5+ 51. Kg1 Qd1+ 1/2-1/2


[Site "https://www.chess.com"]

[Event "Titled Tuesday Blitz June 6 Early 2023"]
[White "Zhigalko, Sergei"]
[Black "Weetik, Vjacheslav"]
[WhiteFideId "13502956"]
[BlackFideId "4153472"]
[WhiteElo "2626"]
[BlackElo "2469"]
[Result "1-0"]
[Round "11"]
[TimeControl "180+2"]
[Date "2023.06.06"]
[WhiteClock "0:00:11"]
[BlackClock "0:00:03"]
[Board "11"]

1. e4 c6 2. d4 d5 3. e5 Bf5 4. Nf3 e6 5. Be2 Nd7 6. O-O Ne7 7. Nbd2 h6 8. Nb3 g5 9. Bd2 Bg6 10. Ne1 Nf5 11. Nd3 h5 12. a4 Bh6 13. a5 g4 14. Bb4 g3 15. hxg3 h4 16. g4 Ng3 17. Re1 h3 18. fxg3 Be3+ 19. Kh1 Qg5 20. Bf3 Qh6 21. Rxe3 Qxe3 22. Bd2 Qe4 23. Bxe4 Bxe4 24. Kg1 hxg2 25. Kf2 Rh1 26. Qg1 1-0


[Site "https://www.chess.com"]

[Event "Titled Tuesday Blitz June 6 Early 2023"]
[White "Elsa167"]
[Black "Pakleza, Zbigniew"]
[BlackFideId "1119290"]
[WhiteElo "2902"]
[BlackElo "2410"]
[Result "1-0"]
[Round "11"]
[TimeControl "180+2"]
[Date "2023.06.06"]
[WhiteClock "0:00:24"]
[BlackClock "0:00:01"]
[Board "12"]

1. d4 d6 2. e4 Nf6 3. f3 Nbd7 4. c4 e5 5. d5 Be7 6. Nc3 Nh5 7. g3 O-O 8. Be3 Bg5 9. Qd2 Bxe3 10. Qxe3 a5 11. Bh3 Nc5 12. Bxc8 Qxc8 13. Nge2 Qh3 14. O-O-O f5 15. Kb1 fxe4 16. Nxe4 Nxe4 17. Qxe4 Rf7 18. c5 Raf8 19. cxd6 cxd6 20. Rdf1 b5 21. Nc3 b4 22. Nb5 Qd7 23. a4 bxa3 24. Nxa3 Nf6 25. Qd3 Rb8 26. Rc1 Qb7 27. Nc4 Rc7 28. Qa3 Qxd5 29. Rhd1 Qb5 30. Nxd6 Rxc1+ 31. Rxc1 Qe2 32. Qa2+ Kh8 33. Nf7+ Kg8 34. Nh6+ Kh8 35. Qg8+ Rxg8 36. Nf7# 1-0


[Site "https://www.chess.com"]

[Event "Titled Tuesday Blitz June 6 Early 2023"]
[White "Nguyen, Ngoc Truong Son"]
[Black "Kushko, Dmitriy"]
[WhiteFideId "12401110"]
[BlackFideId "14162261"]
[WhiteElo "2556"]
[BlackElo "2230"]
[Result "0-1"]
[Round "11"]
[TimeControl "180+2"]
[Date "2023.06.06"]
[WhiteClock "0:00:01"]
[BlackClock "0:00:13"]
[Board "13"]

1. d4 g6 2. c4 Bg7 3. Nc3 d6 4. h4 e5 5. dxe5 dxe5 6. Qxd8+ Kxd8 7. h5 Be6 8. Bg5+ f6 9. O-O-O+ Nd7 10. Be3 Bxc4 11. g3 Nh6 12. Nf3 Ke7 13. hxg6 hxg6 14. Nh4 Nf8 15. Bc5+ Kf7 16. Bxf8 Rhxf8 17. Rd7+ Kg8 18. Nxg6 Rf7 19. Ne7+ Kf8 20. Rxc7 Be6 21. Ng6+ Kg8 22. Rxf7 Kxf7 23. Nh4 Ng4 24. Bh3 Nxf2 25. Bxe6+ Kxe6 26. Rf1 Bh6+ 27. Kc2 Be3 28. Ng2 Bb6 29. a4 a6 30. a5 Ba7 31. e4 Rg8 32. Nh4 Rxg3 33. Nf5 Rg4 34. Nh6 Rf4 35. Re1 Bd4 36. Nd5 Rxe4 37. Rxe4 Nxe4 38. Nb4 Bc5 39. Nd3 Bf8 40. Ng4 Nc5 41. Ndf2 f5 42. Ne3 e4 43. Nc4 Bh6 44. b4 Nd7 45. Kc3 Ne5 46. Nb2 Bg7 47. Kc2 Nc6 48. Na4 Nxb4+ 49. Kb3 Nc6 50. Nc5+ Kd5 51. Nxb7 e3 52. Nd3 Kd4 53. Nc1 f4 54. Ne2+ Ke4 55. Nc5+ Kf3 56. Nc1 Nxa5+ 57. Kc2 Nc6 0-1


[Site "https://www.chess.com"]

[Event "Titled Tuesday Blitz June 6 Early 2023"]
[White "Svane, Frederik"]
[Black "Papasimakopoulos, Alexandros"]
[WhiteFideId "12923044"]
[BlackFideId "4244125"]
[WhiteElo "2502"]
[BlackElo "2359"]
[Result "1-0"]
[Round "11"]
[TimeControl "180+2"]
[Date "2023.06.06"]
[WhiteClock "0:00:04"]
[BlackClock "0:00:52"]
[Board "14"]

1. c3 e5 2. d4 exd4 3. cxd4 d5 4. Nc3 c6 5. Bf4 Bd6 6. Bxd6 Qxd6 7. Qb3 Qe7 8. e3 Bf5 9. h3 Nf6 10. g4 Bg6 11. Nge2 O-O 12. Nf4 Be4 13. Nxe4 Nxe4 14. Bd3 Nd6 15. Qc2 g6 16. h4 Ne4 17. O-O-O Nd7 18. g5 Kg7 19. f3 Nd6 20. e4 dxe4 21. fxe4 c5 22. e5 cxd4 23. exd6 Qxd6 24. Qf2 Rfe8 25. h5 Re3 26. hxg6 fxg6 27. Rxh7+ Kxh7 28. Qh2+ Kg7 29. Nh5+ gxh5 30. Qxd6 Rc8+ 31. Kb1 Ne5 32. Qf6+ Kg8 33. Qe6+ Kg7 34. Qxc8 Nxd3 35. Qxb7+ Kg6 36. Qa6+ Re6 37. Qxe6+ Kxg5 38. Rxd3 h4 39. Qe5+ Kg4 40. Rxd4+ Kh3 41. Qe3+ Kg2 42. Rd2+ Kh1 43. Qe1# 1-0


[Site "https://www.chess.com"]

[Event "Titled Tuesday Blitz June 6 Early 2023"]
[White "Csonka, Balazs"]
[Black "Pranav Anand"]
[WhiteFideId "742910"]
[BlackFideId "46626786"]
[WhiteElo "2404"]
[BlackElo "2389"]
[Result "0-1"]
[Round "11"]
[TimeControl "180+2"]
[Date "2023.06.06"]
[WhiteClock "0:00:02"]
[BlackClock "0:00:12"]
[Board "15"]

1. d4 Nf6 2. c4 g6 3. Nc3 Bg7 4. e4 d6 5. Nf3 O-O 6. Be2 Bg4 7. Be3 Nfd7 8. O-O e5 9. d5 a5 10. Nd2 Bxe2 11. Qxe2 Na6 12. a3 f5 13. f3 Bf6 14. Rab1 Bg5 15. b4 h5 16. Rfd1 h4 17. h3 Qf6 18. Bf2 Bf4 19. c5 axb4 20. axb4 dxc5 21. bxc5 Naxc5 22. Nc4 Kh8 23. d6 c6 24. Nb6 Rad8 25. Nxd7 Nxd7 26. Rxb7 Qg5 27. Rc7 Bg3 28. Be3 Bf4 29. Bf2 Nf6 30. Rxc6 Nh5 31. Nd5 fxe4 32. Qxe4 Kh7 33. Ne7 Rd7 34. Rd5 Ng3 35. Bxg3 Qxg3 36. Rc7 Rfd8 37. Rxd7 Rxd7 38. Kf1 Qg5 39. Rd1 Bg3 40. f4 Bxf4 41. Qf3 Qf6 42. Qg4 Rxd6 43. Rxd6 Qxd6 44. Nc8 Qa6+ 45. Ke1 Qa1+ 46. Ke2 Qb2+ 47. Kd1 Qc1+ 48. Ke2 Qd2+ 49. Kf1 Qd3+ 50. Kf2 Bg3+ 0-1


[Site "https://www.chess.com"]

[Event "Titled Tuesday Blitz June 6 Early 2023"]
[White "Yuan, Qingyu"]
[Black "demon64fields"]
[WhiteFideId "8609772"]
[WhiteElo "2359"]
[BlackElo "2841"]
[Result "0-1"]
[Round "11"]
[TimeControl "180+2"]
[Date "2023.06.06"]
[WhiteClock "0:00:47"]
[BlackClock "0:01:48"]
[Board "16"]

1. e4 e6 2. d4 d5 3. Nd2 c5 4. Ngf3 Nc6 5. exd5 exd5 6. Bb5 Bd6 7. dxc5 Bxc5 8. O-O Ne7 9. Nb3 Bb6 10. c3 O-O 11. Bd3 h6 12. h3 Qd6 13. Bc2 Rd8 14. Re1 Bxh3 15. gxh3 Qg3+ 16. Kh1 Bxf2 17. Rf1 Qxh3+ 18. Nh2 Bg3 19. Qe2 Bxh2 20. Rf3 Qh5 21. Kg2 Bc7 22. Qd3 Ng6 23. Rh3 Qg4+ 24. Kh1 Nce5 25. Qf1 Rd6 26. Nd4 Rf6 27. Bf5 Bb6 28. Bxg4 Rxf1+ 29. Kg2 Rxc1 30. Rxc1 Nxg4 31. Nf5 Re8 32. Rf3 Ne3+ 33. Nxe3 Nh4+ 34. Kg3 Nxf3 35. Nxd5 Ng5 36. c4 Ne4+ 37. Kf4 Nf6 38. Nxf6+ gxf6 39. c5 Bc7+ 40. Kf5 Be5 41. b4 Rd8 42. b5 Kf8 43. Kg4 Rd4+ 44. Kh5 Bg3 45. Rh1 Rd5+ 46. Kg4 Be5 47. Rc1 h5+ 48. Kf3 h4 49. c6 bxc6 50. bxc6 Bc7 51. Kg4 Rd4+ 52. Kf5 Be5 53. c7 Rf4# 0-1


[Site "https://www.chess.com"]

[Event "Titled Tuesday Blitz June 6 Early 2023"]
[White "Bryakin, Mikhail"]
[Black "Tristan, Leonardo"]
[WhiteFideId "4165314"]
[BlackFideId "113816"]
[WhiteElo "2464"]
[BlackElo "2461"]
[Result "1-0"]
[Round "11"]
[TimeControl "180+2"]
[Date "2023.06.06"]
[WhiteClock "0:00:05"]
[BlackClock "0:02:06"]
[Board "17"]

1. e4 d5 2. exd5 Qxd5 3. Nc3 Qa5 4. d4 Nf6 5. Nf3 Bf5 6. Bc4 e6 7. O-O Bb4 8. Bd2 Nc6 9. a3 Bxc3 10. Bxc3 Qb6 11. Qe2 O-O 12. h3 Rad8 13. b4 Be4 14. Ng5 Nxd4 15. Bxd4 Qxd4 16. Rad1 Qe5 17. f4 Qf5 18. g4 Qg6 19. Rxd8 Rxd8 20. Rd1 Rxd1+ 21. Qxd1 Bd5 22. Bd3 Ne4 23. Bxe4 Qf6 24. Bxd5 Qxf4 25. Nxe6 Qe3+ 26. Kg2 fxe6 27. Bxb7 h5 28. Bf3 h4 29. Qe2 Qf4 30. Qxe6+ Kh8 31. Qe8+ Kh7 32. Qe4+ g6 33. Qxf4 1-0


[Site "https://www.chess.com"]

[Event "Titled Tuesday Blitz June 6 Early 2023"]
[White "Ilamparthi A R"]
[Black "Amilal Munkhdalai"]
[WhiteFideId "45015775"]
[BlackFideId "4903250"]
[WhiteElo "2348"]
[BlackElo "2293"]
[Result "0-1"]
[Round "11"]
[TimeControl "180+2"]
[Date "2023.06.06"]
[WhiteClock "0:00:15"]
[BlackClock "0:00:43"]
[Board "18"]

1. e4 c5 2. Nf3 Nc6 3. d3 d5 4. exd5 Qxd5 5. Nc3 Qd8 6. g3 Nf6 7. Bg2 e6 8. O-O Bd6 9. Re1 O-O 10. Ne4 Nxe4 11. dxe4 Qc7 12. c3 Rd8 13. Qe2 Ne5 14. Nxe5 Bxe5 15. f4 Bf6 16. e5 Be7 17. Be3 Bd7 18. Rad1 Bc6 19. Rxd8+ Rxd8 20. Rd1 Bxg2 21. Kxg2 Qc6+ 22. Kf2 Rxd1 23. Qxd1 g6 24. c4 a6 25. Kg1 Qe4 26. Qe2 Qb1+ 27. Kg2 Qxa2 28. Qd3 Qxb2+ 29. Kh3 Qb6 30. Qd7 Bf8 31. Qc8 a5 32. Qb8 Qc6 33. f5 Qf3 34. Bxc5 Qf1+ 35. Kh4 Qxc4+ 36. g4 Qxc5 37. f6 a4 0-1


[Site "https://www.chess.com"]

[Event "Titled Tuesday Blitz June 6 Early 2023"]
[White "Petrosyan, Manuel"]
[Black "Fus, Jakub"]
[WhiteFideId "13300857"]
[BlackFideId "1193023"]
[WhiteElo "2576"]
[BlackElo "2335"]
[Result "1-0"]
[Round "11"]
[TimeControl "180+2"]
[Date "2023.06.06"]
[WhiteClock "0:00:21"]
[BlackClock "0:01:01"]
[Board "19"]

1. e4 c6 2. d4 d5 3. e5 Bf5 4. Nf3 e6 5. Be2 c5 6. Be3 cxd4 7. Nxd4 Ne7 8. Nd2 Nbc6 9. N2f3 a6 10. O-O Be4 11. Rc1 g6 12. c4 Bxf3 13. Nxf3 dxc4 14. Rxc4 Qxd1 15. Rxd1 Bg7 16. Nd4 Nxe5 17. Rc7 Nd5 18. Nxe6 Nxc7 19. Nxc7+ Ke7 20. Bc5+ Kf6 21. Nd5+ Ke6 22. Nc7+ Kf6 23. Nxa8 Rxa8 24. f4 Nc6 25. g4 Bf8 26. Bb6 Re8 27. Bf3 Re6 28. Rd7 Re7 29. Bxc6 bxc6 30. Bd8 Ke6 31. Bxe7 Bxe7 32. Rb7 Bc5+ 33. Kg2 h6 34. Kf3 Bd4 35. b3 c5 36. Rb6+ Kd5 37. Rxa6 f5 38. gxf5 gxf5 39. Rxh6 c4 40. bxc4+ Kxc4 41. Rh5 Kd3 42. Rxf5 Be3 43. h4 Bd4 44. h5 Kc2 45. h6 Kb1 46. h7 Ka1 47. Ke4 Bb2 48. Re5 Bxe5 49. fxe5 Kxa2 50. e6 Ka1 51. e7 Ka2 52. e8=Q Kb1 53. Qc8 Kb2 54. h8=Q+ Ka3 55. Qhc3+ Ka2 56. Qa8+ Kb1 57. Qb7+ 1-0


[Site "https://www.chess.com"]